Map: Orbital Depot

Players

boswar - Winner!

  • Race: Terran Terran
  • Spawn Location: 1:00

ElemenTStyle - Winner!

  • Race: Terran Terran
  • Spawn Location: 3:00

Amix - Winner!

  • Race: Zerg Zerg
  • Spawn Location: 3:00

A.I. 3 (Harder)

  • Race: Zerg Zerg
  • Spawn Location: 9:00

A.I. 4 (Harder)

  • Race: Protoss Protoss
  • Spawn Location: 9:00

A.I. 5 (Harder)

  • Race: Terran Terran
  • Spawn Location: 7:00

VOD

Have the link to the VOD?

Description

Time

  • Played on: Nov. 25, 2016, 4:35 p.m.
  • Length: 13:10
Show
View Real Time Build Order
Export as new Build Order

boswar Terran - Winner!

Build Orders:  

Get SALT Encoding   

  12  0:01  SCV  
  13  0:13  SCV  
  14  0:21  Supply Depot  
  14  0:25  SCV  
  15  0:43  SCV  
  15  0:44  Barracks  
  16  0:52  Supply Depot  
  16  0:55  SCV  
  17  1:02  Engineering Bay  
  17  1:07  SCV  
  18  1:14  Refinery  
  18  1:19  SCV  
  19  1:31  SCV  
  20  1:41  Barracks  
  20  1:43  SCV  
  20  1:45  Command Center  
  21  1:48  Refinery  
  21  1:55  SCV  
  22  2:08  Supply Depot  
  22  2:24  Barracks Reactor  
  22  2:25  Supply Depot  
  22  2:29  Barracks Reactor  
  22  2:36  SCV  
  23  2:37  Barracks  
  23  2:38  Terran Infantry Weapons Level 1  
  23  3:05  Supply Depot  
  23  3:09  SCV  
  23  3:10  Refinery  
  24  3:21  SCV  
  25  3:28  Supply Depot  
  25  3:33  SCV  
  26  3:35  Factory  
  26  3:37  Refinery, SCV  
  27  3:42  Barracks Reactor  
  27  3:44  Barracks Tech Lab  
  27  3:45  SCV  
  27  3:46  Marine x3  
  27  3:47  Marine  
  32  3:50  Supply Depot  
  32  3:57  SCV  
  33  4:03  Marine  
  33  4:04  Marine x2  
  33  4:05  Marine  
  33  4:07  Bunker  
  37  4:10  SCV  
  38  4:20  Factory  
  38  4:22  SCV  
  39  4:25  Marine x4  
  38  4:45  Marine  
  38  4:46  Marine x3  
  38  4:59  Marine  
  39  5:03  Marine  
  39  5:04  Marine x3  
  43  5:21  Marine x3  
  43  5:22  Marine  
  46  5:39  Marine x4  
  50  5:55  Factory Tech Lab x2  
  50  5:57  Marine x3  
  53  6:16  Sensor Tower  
  53  6:23  Marine x4  
  53  6:26  SCV  
  53  6:31  Supply Depot  
  54  6:38  SCV  
  55  6:40  Bunker  
  55  6:41  Marine x4  
  55  6:43  Siege Tank  
  62  6:52  SCV  
  62  6:54  Supply Depot, Orbital Command  
  63  7:04  SCV  
  63  7:08  Marine  
  65  7:09  Marine  
  65  7:15  Combat Shields  
  66  7:16  SCV  
  67  7:24  Refinery  
  67  7:29  SCV  
  68  7:41  SCV  
  69  7:53  SCV  
  69  7:56  Siege Tank x2  
  76  8:16  Marine x2  
  78  8:39  Supply Depot  
  78  9:01  Marine x3, Siege Tank  
  84  9:03  Supply Depot  
  84  9:20  Siege Tank  
  86  9:26  Supply Depot  
  86  9:33  Marine  
  86  9:34  Marine x4  
  89  9:40  Stimpack  
  84  9:46  Armory  
  84  9:48  Supply Depot  
  84  9:51  Marine  
  84  9:52  Marine x4  
  88  9:55  Command Center  
  88  10:09  Marine  
  88  10:10  Marine  
  90  10:19  Command Center  
  88  10:24  Unknown  
  88  10:28  Unknown  
  85  10:29  Marine x4  
  85  10:34  Marine  
  90  10:47  Marine x4  
  94  10:51  Marine  
  94  11:04  Marine  
  94  11:05  Marine x3  
  94  11:09  Marine  
  99  11:22  Marine x3  
  99  11:23  Marine  
  100  11:27  Marine  
  101  11:40  Marine  
  101  11:42  SCV  
  101  11:44  Marine x2  
  101  11:45  Marine x2  
  105  11:54  SCV  
  105  11:58  Marine  
  107  12:02  Marine x3  
  107  12:03  Marine  
  107  12:06  SCV  
  110  12:16  Marine  
  110  12:18  SCV  
  110  12:20  Marine x4  
  116  12:30  SCV  
  116  12:33  Marine  
  115  12:38  Marine x4  
  115  12:51  Marine  
Show
View Real Time Build Order
Export as new Build Order

ElemenTStyle Terran - Winner!

Build Orders: Liberator Opening, Mech 

Get SALT Encoding   

  12  0:02  SCV  
  13  0:15  SCV  
  13  0:19  Supply Depot  
  14  0:27  SCV  
  15  0:32  Refinery  
  15  0:41  SCV  
  16  0:53  SCV  
  17  1:03  Barracks  
  17  1:06  SCV  
  19  1:18  SCV  
  19  1:25  Refinery  
  19  1:30  SCV  
  20  1:42  SCV  
  21  1:48  Supply Depot  
  21  1:54  SCV  
  21  1:55  Factory  
  22  2:05  Barracks Tech Lab  
  22  2:06  SCV  
  24  2:26  Orbital Command  
  23  2:33  Barracks  
  23  2:40  Starport  
  25  2:46  Widow Mine  
  25  2:52  Marine  
  25  2:58  SCV  
  27  3:10  Marine  
  28  3:36  Command Center  
  28  3:50  Command Center  
  28  3:55  Liberator  
  31  4:29  Supply Depot  
  31  4:31  Supply Depot x2  
  31  4:34  Supply Depot  
  31  4:35  Supply Depot  
  29  4:40  Marine  
  30  4:58  Marine  
  30  5:33  Liberator  
  30  5:49  Factory  
  30  5:51  Factory  
  30  5:52  Factory  
  30  5:55  Factory Tech Lab  
  30  5:56  Marine x2  
  35  6:00  SCV  
  36  6:09  SCV  
  37  6:12  SCV  
  37  6:14  Marine x2  
  37  6:16  Refinery, Liberator  
  40  6:21  SCV, Supply Depot  
  40  6:24  SCV  
  42  6:32  Marine  
  43  6:33  SCV  
  43  6:34  Factory Tech Lab  
  43  6:36  SCV  
  43  6:37  Factory Tech Lab  
  48  6:43  Siege Tank  
  48  6:44  Factory Tech Lab  
  48  6:45  SCV  
  52  6:48  SCV  
  53  7:04  SCV  
  54  7:15  Siege Tank  
  54  7:16  SCV  
  54  7:17  SCV  
  54  7:21  Refinery  
  59  7:26  Armory  
  59  7:28  SCV  
  59  7:29  SCV, Armory  
  61  7:32  Supply Depot  
  61  7:36  Siege Tank  
  64  7:37  Siege Tank x2  
  64  7:40  SCV  
  64  7:41  SCV  
  72  7:53  SCV x2  
  74  8:19  Thor x2  
  86  8:26  Refinery  
  86  8:27  Refinery, SCV  
  87  8:39  SCV  
  88  9:08  Orbital Command  
  88  9:12  Orbital Command  
  88  9:26  Thor  
  88  9:27  Thor x3  
  115  10:31  Terran Vehicle Weapons Level 1  
  115  10:32  Terran Vehicle And Ship Armor Level 1  
  115  10:38  Supply Depot x2  
  115  10:40  Supply Depot, Siege Tank  
  115  10:42  Supply Depot  
  115  10:45  Supply Depot x2  
  115  10:48  Supply Depot  
  115  10:52  Supply Depot  
  115  10:59  Siege Tank x2  
  121  11:10  SCV  
  122  11:15  SCV x2  
  124  11:20  Thor x2  
  124  11:22  SCV  
  137  11:27  SCV x2  
  137  11:31  Thor, Siege Tank  
  148  11:34  SCV  
  148  11:39  SCV, Command Center  
  150  11:46  SCV  
  151  11:58  SCV  
  152  12:03  Siege Tank  
  152  12:04  Command Center  
  155  12:21  Siege Tank x2  
  155  12:22  Siege Tank  
  164  12:35  Siege Tank  
Show
View Real Time Build Order
Export as new Build Order

Amix Zerg - Winner!

Build Orders: Pool First 

Get SALT Encoding   

  12  0:02  Drone  
  13  0:08  Drone  
  14  0:17  Overlord  
  14  0:46  Drone x3  
  17  0:54  Extractor  
  16  0:58  Drone  
  16  1:03  Spawning Pool  
  16  1:08  Drone  
  17  1:23  Hatchery  
  16  1:27  Drone  
  16  1:32  Drone  
  18  1:40  Drone  
  19  1:49  Queen  
  19  1:51  Drone  
  22  2:25  Metabolic Boost  
  22  2:26  Hatchery  
  21  2:35  Queen  
  23  2:45  Zergling x6  
  26  3:00  Drone x2  
  28  3:10  Overlord x2  
  28  3:28  Drone x5  
  28  3:30  Drone x2  
  28  3:31  Overlord  
  35  3:44  Drone x4  
  39  3:57  Drone x4  
  39  3:58  Drone  
  44  4:06  Extractor  
  44  4:09  Lair  
  43  4:18  Roach Warren  
  43  4:20  Extractor  
  43  4:21  Queen  
  43  4:23  Drone x4  
  44  5:03  Roach x6  
  44  5:04  Roach  
  44  5:05  Overlord  
  44  5:06  Overlord x7  
  58  5:18  Overlord x2  
  58  5:30  Queen  
  58  5:33  Drone x5  
  58  5:34  Drone x2, Extractor x2  
  65  5:41  Zergling x10  
  70  5:55  Roach x3, Zergling x4  
  78  6:03  Glial Reconstitution  
  78  6:04  Evolution Chamber x2  
  77  6:05  Drone x3  
  79  6:18  Drone x4  
  83  6:31  Drone x5  
  88  6:36  Queen x2  
  92  6:41  Zerg Missile Weapons Level 1  
  92  6:42  Zerg Ground Armor Level 1  
  92  6:45  Drone x7  
  92  6:46  Drone x3  
  102  6:50  Extractor  
  102  6:52  Roach  
  102  6:53  Roach  
  105  7:08  Drone x2  
  107  7:10  Roach x7  
  107  7:14  Overseer x2  
  107  7:15  Overlord  
  121  7:47  Ravager x7  
  121  7:48  Ravager x6  
  134  7:51  Zergling x2  
  134  7:52  Roach x2, Zergling x6  
  134  7:53  Roach, Zergling x4  
  134  7:55  Overlord x5  
  146  8:18  Unknown  
  146  8:24  Roach x4  
  146  8:25  Roach x5  
  117  9:35  Roach x3  
  117  9:36  Roach x10  
  117  9:37  Roach  
  142  10:09  Zerg Ground Armor Level 2, Zerg Missile Weapons Level 2  
  142  10:13  Infestation Pit  
  125  11:27  Roach x3  
  125  11:28  Roach x3  
  125  11:29  Roach x15  
  155  12:34  Ravager  
  155  12:36  Ravager x5  
  155  12:37  Ravager x9  
Show
View Real Time Build Order
Export as new Build Order

A.I. 3 (Harder) Zerg 

Build Orders: Pool First 

Get SALT Encoding   

  12  0:01  Drone  
  13  0:12  Overlord  
  13  0:17  Drone  
  14  0:30  Drone x2  
  16  0:42  Spawning Pool  
  16  0:45  Drone  
  16  0:49  Drone  
  17  0:53  Extractor  
  17  0:55  Drone  
  17  1:06  Overlord  
  17  1:30  Queen  
  17  1:31  Zergling x2  
  20  1:38  Drone  
  20  1:39  Roach Warren  
  20  1:40  Extractor  
  20  1:44  Zergling x2  
  20  1:49  Drone  
  21  2:00  Drone  
  22  2:07  Lair  
  22  2:23  Drone  
  23  2:32  Overlord  
  23  2:36  Drone  
  24  3:06  Hydralisk Den  
  23  3:13  Drone  
  24  3:34  Lurker Den  
  24  3:35  Hydralisk  
  26  3:43  Overlord  
  26  3:48  Hydralisk  
  28  4:00  Hydralisk  
  28  4:01  Drone  
  28  4:02  Drone x2  
  33  4:04  Overlord  
  33  4:12  Drone  
  33  4:14  Hydralisk  
  33  4:16  Drone  
  37  4:19  Drone  
  38  4:27  Hydralisk  
  38  4:30  Baneling Nest  
  39  4:33  Evolution Chamber  
  39  4:35  Drone  
  39  4:44  Drone, Hydralisk  
  42  5:01  Hydralisk, Lurker  
  42  5:02  Lurker, Overlord  
  46  5:14  Hydralisk  
  48  6:02  Roach  
  48  6:03  Zerg Melee Weapons Level 1, Overlord  
  50  6:09  Roach  
  52  6:16  Roach  
  53  6:24  Roach  
  53  6:25  Spore Crawler  
  43  6:26  Overseer  
  43  6:28  Spore Crawler  
  43  6:30  Drone, Hatchery  
  43  6:31  Drone, Roach  
  39  6:38  Zergling x2  
  40  6:45  Hydralisk  
  42  6:52  Hydralisk  
  44  7:02  Burrow  
  44  7:07  Roach  
  46  7:14  Roach  
  48  7:21  Roach  
  50  7:28  Roach  
  52  7:36  Roach  
  52  7:37  Spine Crawler  
  53  7:42  Hydralisk  
  53  7:43  Drone  
  56  7:44  Drone  
  56  7:45  Drone, Spine Crawler  
  57  7:53  Drone  
  57  7:54  Drone  
  57  7:55  Hydralisk  
  57  7:57  Zerg Ground Armor Level 1  
  61  7:59  Drone  
  61  8:04  Drone  
  63  8:09  Drone, Extractor  
  63  8:12  Drone  
  64  8:17  Drone  
  64  8:19  Drone  
  66  8:25  Drone  
  68  8:27  Drone  
  68  8:28  Overlord  
  68  8:30  Drone  
  68  8:33  Drone  
  70  8:36  Drone  
  70  8:40  Drone  
  72  8:46  Drone  
  73  8:51  Drone  
  74  8:57  Drone  
  74  8:58  Hydralisk  
  74  8:59  Overlord  
  77  9:05  Spore Crawler  
  77  9:06  Drone, Overseer  
  75  9:10  Hydralisk  
  75  9:15  Spore Crawler  
  75  9:16  Drone  
  73  9:18  Zergling x2  
  49  9:25  Roach  
  51  9:32  Roach  
  53  9:39  Roach  
  53  9:47  Roach  
  53  9:51  Zerg Missile Weapons Level 1  
  55  9:54  Roach  
  57  10:00  Hydralisk  
  59  10:08  Roach  
  59  10:10  Hydralisk, Roach x2  
  59  10:11  Hydralisk, Roach x2, Spine Crawler  
  72  10:20  Hatchery, Zergling x2  
  68  10:21  Hydralisk  
  68  10:25  Queen  
  65  10:30  Zergling x2  
  65  10:32  Zergling x2  
  65  10:34  Hydralisk  
  69  10:37  Spire  
  69  10:40  Baneling  
  68  10:47  Overseer  
  64  10:50  Evolution Chamber, Zergling x2  
  64  10:51  Zergling x2  
  64  10:53  Zergling x2  
  65  10:57  Hydralisk, Roach  
  65  11:02  Hydralisk  
  68  11:05  Zergling x2  
  68  11:10  Hydralisk  
  68  11:11  Queen  
  61  11:13  Zergling x2  
  61  11:17  Zergling x2  
  57  11:19  Zergling x2  
  57  11:23  Hydralisk  
  52  11:27  Hydralisk  
  52  11:31  Hydralisk  
  53  11:35  Hydralisk  
  53  11:40  Hydralisk  
  53  11:43  Baneling  
  53  11:44  Baneling, Zergling x2  
  53  11:56  Overlord  
  53  11:58  Spire  
  28  12:17  Drone  
  28  12:24  Drone x2  
  28  12:25  Hatchery  
  28  12:27  Drone  
  24  12:38  Overlord x2  
  24  12:40  Spawning Pool  
  19  12:47  Evolution Chamber  
  19  12:50  Evolution Chamber  
  17  12:56  Drone x2  
Show
View Real Time Build Order
Export as new Build Order

A.I. 4 (Harder) Protoss 

Build Orders:  

Get SALT Encoding   

  12  0:01  Probe (Chrono Boost)  
  13  0:11  Probe (Chrono Boost)  
  14  0:21  Pylon  
  14  0:22  Probe (Chrono Boost)  
  15  0:39  Probe (Chrono Boost)  
  16  0:48  Assimilator  
  17  0:50  Probe (Chrono Boost)  
  17  0:51  Gateway  
  17  1:00  Probe (Chrono Boost)  
  17  1:02  Pylon  
  18  1:11  Probe (Chrono Boost)  
  19  1:23  Probe (Chrono Boost)  
  20  1:37  Zealot  
  20  1:43  Cybernetics Core  
  20  1:45  Gateway  
  22  2:00  Pylon  
  22  2:07  Zealot  
  22  2:13  Warp Gate  
  24  2:32  Adept  
  24  2:34  Adept  
  28  2:38  Pylon  
  29  2:46  Probe (Chrono Boost)  
  29  2:55  Assimilator  
  29  2:57  Probe (Chrono Boost)  
  30  2:59  Adept  
  30  3:00  Adept  
  34  3:07  Forge  
  34  3:08  Probe (Chrono Boost)  
  36  3:20  Probe (Chrono Boost)  
  36  3:24  Stalker, Pylon  
  36  3:26  Adept  
  38  3:32  Probe (Chrono Boost)  
  41  3:43  Probe (Chrono Boost)  
  42  3:58  Protoss Ground Weapons Level 1  
  42  4:02  Adept  
  44  4:14  Photon Cannon  
  44  4:16  Sentry  
  46  4:24  Pylon  
  46  4:34  Photon Cannon  
  46  4:36  Stalker  
  46  4:37  Robotics Facility  
  46  4:43  Stalker  
  48  4:58  Zealot  
  50  5:02  Nexus  
  40  5:15  Adept  
  40  5:22  Zealot  
  40  5:26  Observer  
  43  5:35  Adept  
  45  5:42  Adept  
  47  5:43  Protoss Ground Armor Level 1  
  47  5:48  Observer  
  48  5:54  Stalker  
  50  6:02  Adept  
  50  6:03  Stargate  
  52  6:15  Probe x2 (Chrono Boost)  
  55  6:26  Probe x2 (Chrono Boost)  
  55  6:27  Assimilator  
  55  6:28  Pylon  
  56  6:37  Probe (Chrono Boost)  
  56  6:38  Probe (Chrono Boost), Pylon  
  58  6:48  Probe (Chrono Boost)  
  58  6:50  Twilight Council, Probe (Chrono Boost)  
  60  6:59  Probe (Chrono Boost)  
  62  7:01  Probe (Chrono Boost)  
  62  7:04  Photon Cannon  
  62  7:10  Probe (Chrono Boost)  
  62  7:12  Probe (Chrono Boost)  
  64  7:17  Photon Cannon  
  64  7:21  Probe (Chrono Boost)  
  65  7:23  Probe (Chrono Boost)  
  65  7:27  Gateway  
  66  7:32  Probe (Chrono Boost)  
  66  7:33  Forge  
  67  7:43  Robotics Facility  
  67  7:54  Nexus  
  67  8:00  Stalker  
  67  8:03  Stargate, Void Ray  
  71  8:19  Gateway  
  71  8:30  Robotics Bay  
  67  8:37  Stalker  
  57  8:47  Stalker  
  51  8:52  Warp Prism  
  51  8:54  Stargate  
  51  9:00  Warp Prism  
  51  9:10  Gateway  
  51  9:15  Stalker  
  53  9:21  Stalker  
  55  9:26  Stalker  
  55  9:30  Stalker  
  59  9:36  Mothership Core (Chrono Boost)  
  54  9:39  Stalker  
  50  9:46  Stalker  
  50  9:51  Stalker  
  50  9:52  Stalker  
  52  9:53  Stalker  
  50  10:00  Stalker, Pylon  
  50  10:04  Zealot  
  54  10:12  Stalker  
  54  10:13  Zealot  
  56  10:18  Void Ray  
  44  10:38  Stalker  
  46  10:44  Stalker  
  44  10:52  Pylon  
  44  10:55  Stalker  
  44  11:01  Stalker  
  31  11:18  Cybernetics Core  
Show
View Real Time Build Order
Export as new Build Order

A.I. 5 (Harder) Terran 

Build Orders: MMM Bio 

Get SALT Encoding   

  12  0:01  SCV  
  13  0:13  SCV  
  14  0:16  Supply Depot  
  14  0:25  SCV  
  15  0:37  Refinery, SCV  
  15  0:39  Barracks  
  16  0:49  SCV  
  17  1:01  SCV  
  18  1:05  Supply Depot  
  18  1:13  SCV  
  18  1:17  Barracks  
  19  1:25  Refinery  
  19  1:27  Marine, SCV  
  21  1:40  Orbital Command  
  21  1:45  Barracks Tech Lab, Supply Depot  
  21  2:02  Marine  
  21  2:07  Marine  
  23  2:16  Supply Depot  
  23  2:20  Marine  
  24  2:25  Marine  
  25  2:33  SCV  
  26  2:39  Marauder, Engineering Bay  
  26  2:43  Marine  
  29  3:00  Marauder  
  29  3:01  Marine  
  32  3:21  Marauder  
  34  3:43  Marauder  
  36  4:04  Marauder  
  38  4:26  Marauder  
  40  4:52  Barracks Tech Lab  
  40  4:54  Stimpack  
  40  4:56  Factory  
  40  5:00  Factory  
  40  5:03  Supply Depot  
  40  5:04  Missile Turret  
  40  5:05  Missile Turret  
  40  5:09  Combat Shields  
  40  5:10  Terran Infantry Weapons Level 1  
  40  5:22  Barracks  
  40  5:26  Bunker  
  40  5:32  Marine  
  38  5:40  Marine  
  38  5:41  Factory Tech Lab  
  33  5:46  Starport  
  27  5:50  Marine, Command Center  
  27  5:55  Factory Tech Lab  
  26  5:58  Marine  
  27  6:07  Marine  
  28  6:15  Marine  
  29  6:23  Starport Tech Lab  
  29  6:25  Marauder  
  31  6:33  Siege Tank  
  34  6:41  Widow Mine  
  34  6:47  Supply Depot  
  36  6:50  Viking  
  38  7:02  Armory  
  38  7:03  SCV x2  
  38  7:04  Terran Infantry Armor Level 1  
  38  7:05  Siege Tank  
  42  7:10  Widow Mine  
  42  7:15  SCV x2  
  46  7:27  SCV  
  46  7:28  SCV  
  47  7:39  Marine, SCV  
  47  7:40  SCV  
  47  7:42  Starport  
  35  7:47  Marine  
  28  7:51  SCV  
  28  7:53  SCV  
  28  7:56  Marine  
  27  8:03  SCV  
  27  8:05  Thor, SCV  
  34  8:15  SCV  
  34  8:17  SCV  
  34  8:19  Starport Tech Lab  
  32  8:28  SCV  
  32  8:29  SCV  
  34  8:37  Marine x2  
  34  8:40  SCV  
  37  8:42  Marine  
  37  8:48  SCV  
  39  8:54  Marine  
  33  8:55  Marine  
  33  9:00  Marine  
Tags
 
Add a new tag
Caveats
  • Supply blocks, unpowered buildings, or Contaminate may cause inaccurate times.
  • Supply counts are checked every 10 seconds.